 Dungeon Crawl Stone Soup version 0.30.0-20-g3615ddf2f0 (webtiles) character file.

Game seed: 618537139920865462

194 qw the Chopper (level 5, 0/32 HPs)
             Began as a Gargoyle Fighter on June 1, 2023.
             Slain by a river rat (6 damage)
             ... summoned by Eustachio
             ... on level 4 of the Dungeon.
             The game lasted 00:01:25 (2818 turns).

qw the Chopper (Gargoyle Fighter)                   Turns: 2818, Time: 00:01:26

Health: 0/32       AC: 12    Str: 21    XL:     5   Next: 73%
Magic:  5/5        EV:  9    Int:  9    God:
Gold:   61         SH:  4    Dex:  9    Spells: 4/4 levels left

rFire   . . .        Y - +1 war axe
rCold   . . .        c - +0 buckler
rNeg    + . .        b - +0 scale mail
rPois   inf          (no helmet)
rElec   +            k - +0 cloak
rCorr   .            (no gloves)
SInv    .            (no boots)
Will    .....        j - amulet of the acrobat Stlth
                     (no ring)
HPRegen 0.25/turn    (no ring)
MPRegen 0.09/turn

%: acrobat
@: no status effects
A: sickness immunity, AC +4, negative energy resistance 1, electricity
resistance, torment resistance 1, petrification resistance
a: no special abilities


You were on level 4 of the Dungeon.
You visited 1 branch of the dungeon, and saw 4 of its levels.

You collected 198 gold pieces.
You spent 137 gold pieces at shops.


Innate Abilities, Weirdness & Mutations

You are immune to sickness and miasma.
Your stone body is resilient. (AC +4)
You are immune to poison.
You resist negative energy. (rN+)
You are resistant to electric shocks. (rElec)
You are resistant to unholy torment.
You are immune to petrification.


   Skills:
 + Level 3.4 Fighting
 - Level 5.1 Axes
 - Level 3.2 Armour
 - Level 3.2 Shields


You had 4 spell levels left.
You didn't know any spells.
Your spell library was empty.

Inventory:

Hand Weapons
 a - the +3 morningstar of Fiuch {antimagic, rN++}
   (You acquired it on level 2 of the Dungeon)

   rN:        It greatly protects you from negative energy.
 Y - a +1 war axe (weapon)
Armour
 b - a +0 scale mail (worn)
 c - a +0 buckler (worn)
 k - a +0 cloak (worn)
Jewellery
 h - a +4 ring of protection
 j - an amulet of the acrobat (around neck)
Scrolls
 f - a scroll of identify
 i - a scroll of blinking {unknown}
Potions
 d - a potion of might
 e - a potion of heal wounds
 g - a potion of attraction
 l - 2 potions of haste
 o - a potion of curing

Dungeon Overview and Level Annotations

Branches:
Dungeon (4/15)
 Temple: D:4-7

Altars:

Shops:
D:1 ?   D:3 (!*

Annotations:
D:4 Eustachio


Message History

The river rat barely misses you.
2814 ||| DRINKING 2 potions of heal wounds.
You feel much better.
The quasit disappears in a puff of smoke!
The shadow imp laughs crazily.
The shadow imp hits you but does no damage.
Eustachio casts a spell.
You block the river rat's attack. x2; The rat bites you but does no damage.
You slash the shadow imp!
You kill the shadow imp!
The shadow imp disappears in a puff of smoke!
You barely miss the rat.
You closely miss the river rat. x2; You hit Eustachio.
Eustachio hits you but does no damage. The rat completely misses you.
The river rat closely misses you.
The river rat bites you but does no damage.
You hit Eustachio.
Eustachio is heavily wounded.
You barely miss the rat. You slash the shadow imp!
You kill the shadow imp!
The shadow imp disappears in a puff of smoke!
You hit the river rat. You closely miss the river rat.
You block Eustachio's attack. The river rat bites you!
The river rat bites you but does no damage.
The rat completely misses you. The quokka barely misses you.
You closely miss Eustachio.
Eustachio is heavily wounded.
You closely miss the rat. You hit the quokka. You slash the river rat! x2
Eustachio hits you with a +0 rapier!
The river rat bites you but does no damage.
You block the rat's attack. The quokka closely misses you.
The river rat bites you. Eustachio hits you with a +0 rapier.
You closely miss the river rat.
The river rat is almost dead.
You hit the river rat but do no damage. You barely miss Eustachio.
You completely miss the rat. You barely miss the quokka.
The quokka bites you but does no damage.
The river rat bites you. You block the river rat's attack.
The rat barely misses you. Eustachio closely misses you. The quokka bites you.
The river rat bites you.
You die...

.^. ### .. .# .# .#
# # .#. #.###.###
#.#....r@.#
#.....5r@.#
#######r#r# #.#.#
#.#.# #.#..
###############.#.#
................#.#
#################.#
........


You could see Eustachio, 2 river rats, an ufetubus (summoned), a quokka
(summoned) and a rat (summoned).

Vanquished Creatures
  A scorpion (D:4)
  A gnoll (D:4)
  5 adders
  3 worms
  2 dart slugs (D:1)
  5 orcs
  7 ball pythons
  3 bats (D:1)
  3 endoplasms
  A giant cockroach (D:3)
  5 goblins
  5 hobgoblins
  8 jackals
  5 kobolds
  A quokka (D:1)
  A frilled lizard (D:1)
  7 rats
63 creatures vanquished.

Notes
Turn   | Place    | Note
-------+----------+-------------------------------------------
     0 | D:1      | qw the Gargoyle Fighter began the quest for the Orb.
     0 | D:1      | Reached XP level 1. HP: 14/14 MP: 1/1
     0 | D:1      | 0 ||| qw: Version: 0.2-a-102-gfc559e5
     0 | D:1      | 0 ||| qw: Game counter: 619
     0 | D:1      | 0 ||| qw: Always use a shield: true
     0 | D:1      | 0 ||| qw: God list: Okawaru
     0 | D:1      | 0 ||| qw: Allow faded altars: false
     0 | D:1      | 0 ||| qw: Do Orc after D:15 true
     0 | D:1      | 0 ||| qw: Do second Lair branch before Depths: true
     0 | D:1      | 0 ||| qw: Lair rune preference: random
     0 | D:1      | 0 ||| qw: Plans: Normal, Zot:1-4, Slime:5, God:TSO, Crypt,
                  | Tomb, Pan, Hells, Abyss, Win
     0 | D:1      | 0 ||| PLANNING D:1-11
    34 | D:1      | 34 ||| FLEEEEING.
    46 | D:1      | 46 ||| Stepping ~*~*~tactically~*~*~ (hiding).
    49 | D:1      | 49 ||| Stepping ~*~*~tactically~*~*~ (hiding).
    59 | D:1      | Reached skill level 2 in Axes
   147 | D:1      | Reached XP level 2. HP: 16/19 MP: 2/2
   349 | D:1      | Found Naidiase's Magic Scroll Boutique.
   358 | D:1      | 358 ||| BUYING scroll of identify (26 gold).
   358 | D:1      | Bought a scroll of identify for 26 gold pieces
   358 | D:1      | 358 ||| SHOPLISTING scroll of identify (26 gold, have 13).
   358 | D:1      | 358 ||| SHOPLISTING scroll of teleportation (39 gold, have
                  | 13).
   504 | D:1      | Reached skill level 3 in Axes
   702 | D:1      | Reached XP level 3. HP: 23/23 MP: 3/3
  1271 | D:1      | 1271 ||| UPGRADING to +0 cloak.
  1276 | D:1      | 1276 ||| READING scroll labelled UMPUTA YNUN.
  1279 | D:1      | 1279 ||| READING scroll labelled QAYQEC ENANTAOPP.
  1280 | D:1      | 1280 ||| READING scroll labelled JAQ OLICHE.
  1281 | D:1      | 1281 ||| DRINKING 3 sapphire potions.
  1282 | D:1      | 1282 ||| READING 2 scrolls of identify.
  1282 | D:1      | 1282 ||| IDENTIFYING viscous yellow potion
  1283 | D:1      | 1283 ||| DROPPING potion of brilliance.
  1310 | D:2      | 1310 ||| Stepping ~*~*~tactically~*~*~ (stealth).
  1412 | D:2      | 1412 ||| DROPPING +0 club.
  1555 | D:2      | Reached XP level 4. HP: 28/28 MP: 4/4
  1589 | D:2      | 1589 ||| Stepping ~*~*~tactically~*~*~ (stealth).
  1771 | D:2      | 1771 ||| UPGRADING to amulet of the acrobat.
  1776 | D:2      | 1776 ||| DROPPING ring of flight.
  1777 | D:2      | 1777 ||| READING scroll labelled EVO ABUNLEPT.
  1778 | D:2      | 1778 ||| READING scroll labelled ZIEDYI QOUF.
  1779 | D:2      | 1779 ||| READING scroll labelled QUOTOI KOOSKEH.
  1780 | D:2      | 1780 ||| READING scroll labelled SOERRA WIXT.
  1780 | D:2      | Identified a scroll of acquirement
  1780 | D:2      | 1780 ||| ACQUIRING +3 morningstar of Fiuch {antimagic,
                  | rN++}
  1780 | D:2      | Acquired the +3 morningstar of Fiuch {antimagic, rN++}
  1782 | D:2      | 1782 ||| DROPPING +0 mace.
  1783 | D:2      | 1783 ||| DRINKING 3 sedimented silvery potions.
  1811 | D:3      | Found Doyd's Antique Weapon Shop.
  1826 | D:3      | Reached skill level 4 in Axes
  1829 | D:3      | 1829 ||| SHOPLISTING glowing hand axe (150 gold, have 106).
  1841 | D:3      | 1841 ||| Stepping ~*~*~tactically~*~*~ (hiding).
  2098 | D:3      | Found Emyofeigh's General Store.
  2101 | D:3      | 2101 ||| BUYING scroll of enchant weapon (75 gold).
  2101 | D:3      | Bought a scroll of enchant weapon for 75 gold pieces
  2101 | D:3      | 2101 ||| READING scroll of enchant weapon.
  2101 | D:3      | 2101 ||| ENCHANTING +0 war axe.
  2348 | D:3      | Reached XP level 5. HP: 32/32 MP: 5/5
  2488 | D:3      | Found Ituor's Distillery.
  2493 | D:3      | 2493 ||| BUYING potion of attraction (36 gold).
  2493 | D:3      | Bought a potion of attraction for 36 gold pieces
  2493 | D:3      | 2493 ||| SHOPLISTING potion of curing (36 gold, have 27).
  2493 | D:3      | 2493 ||| SHOPLISTING potion of haste (120 gold, have 27).
  2493 | D:3      | 2493 ||| SHOPLISTING potion of heal wounds (60 gold, have
                  | 27).
  2493 | D:3      | 2493 ||| SHOPLISTING potion of lignification (36 gold, have
                  | 27).
  2493 | D:3      | 2493 ||| SHOPLISTING potion of resistance (120 gold, have
                  | 27).
  2518 | D:3      | 2518 ||| READING 2 scrolls of identify.
  2518 | D:3      | 2518 ||| IDENTIFYING golden potion
  2590 | D:4      | 2590 ||| Stepping ~*~*~tactically~*~*~ (stealth).
  2607 | D:4      | Reached skill level 5 in Axes
  2795 | D:4      | Noticed Eustachio
  2813 | D:4      | HP: 7/32 [shadow imp[Eustachio] (3)]
  2814 | D:4      | 2814 ||| DRINKING 2 potions of heal wounds.
  2818 | D:4      | HP: 8/32 [river rat[Eustachio] (4)]
  2818 | D:4      | Slain by a river rat

Levels and vault maps discovered:
D:1:      dpeg_arrival_stone_temple_mockup, layout_loops_corners, serial_shops,
          shop_fountains, serial_rivers, chequers_serial_rivers_small_b,
          chequers_serial_rivers_small_3, chequers_serial_rivers_micro_b,
          chequers_serial_rivers_room_b, chequers_serial_rivers_room_b,
          chequers_serial_rivers_micro_e, grunt_decor_arrowhead, grunt_decor_cap
D:2:      layout_basic
D:3:      layout_loops_ring, serial_shops, shop, nicolae_shop_real_fake_doors,
          nicolae_shop_hallway_plus
D:4:      layout_loops_ring, uniq_natasha, uniq_eustachio

Skill      XL: |  1  2  3  4  5 |
---------------+----------------+-----
Axes           | 2 3 4 5 |  5.1
Fighting       | |  3.4
Armour         | |  3.2
Shields        | |  3.2

Action                     |  1- 3 |  4- 6 || total
---------------------------+-------+-------++-------
  Melee: War axe           |    84 |   122 ||   206
    Use: Scroll            |     4 |     6 ||    10
         Potion            |     1 |     2 ||     3
 Armour: Scale mail        |    46 |    99 ||   145
  Dodge: Dodged            |    34 |    90 ||   124
  Block: Buckler           |    16 |    36 ||    52

Table legend:
 A = Non-vault XP
 B = Vault XP
 C = Vault XP percentage of total XP
 D = Non-vault monster count
 E = Vault monster count
 F = Vault count percentage of total count
                 A         B        C        D         E       F
            +---------+---------+-------+---------+---------+-------
      Total |     278 |       0 |   0.0 |      63 |       0 |   0.0
            +---------+---------+-------+---------+---------+-------
        D:1 |      41 |       0 |   0.0 |      21 |       0 |   0.0
        D:2 |      50 |       0 |   0.0 |      14 |       0 |   0.0
        D:3 |      76 |       0 |   0.0 |      20 |       0 |   0.0
        D:4 |     111 |       0 |   0.0 |       8 |       0 |   0.0
            +---------+---------+-------+---------+---------+-------
